 Dungeon Crawl Stone Soup version 0.26-a0-854-gdc81c2f471 (webtiles) character file.

Game seed: 16032829008183666240

49 iamoutofideas the Firebug (level 3, 0/21 HPs)
             Began as an Octopode Fire Elementalist on Nov 23, 2020.
             Slain by a quokka (4 damage)
             ... on level 3 of the Dungeon.
             The game lasted 00:02:10 (1818 turns).

iamoutofideas the Firebug (OpFE)                    Turns: 1818, Time: 00:02:10

Health: 0/21       AC:  1    Str:  7    XL:     3   Next: 75%
Magic:  0/6        EV: 13    Int: 18    God:
Gold:   94         SH:  0    Dex: 12    Spells: 6/7 levels left

rFire    . . .     SeeInvis .   (no weapon)
rCold    . . .     Faith    .   (no shield)
rNeg     . . .     Spirit   .   (helmet restricted)
rPois    .         Reflect  .   (no amulet)
rElec    .         Harm     .   (no ring)
rCorr    .         Rampage  .   (no ring)
MR       .....                  (no ring)
Stlth    +++.......             (no ring)
HPRegen  0.07/turn              (no ring)
MPRegen  0.10/turn              (no ring)
                                (no ring)
                                (no ring)

@: no status effects
A: almost no armour, stealthy swim, amphibious, 8 rings, constrict 8, camouflage
1, gelatinous body 1
a: no special abilities


You were on level 3 of the Dungeon.
You visited 1 branch of the dungeon, and saw 3 of its levels.

You collected 94 gold pieces.

Inventory:

Missiles
 i - 2 throwing nets (quivered)
Scrolls
 b - 3 scrolls of enchant armour
Potions
 a - a potion of curing {unknown}
 c - a potion of mutation {unknown}
 d - a potion of lignification {unknown}
 e - a potion of ambrosia {unknown}
 f - a potion of might {unknown}
 h - a potion of flight {unknown}


   Skills:
 - Level 2.0 Dodging
 - Level 2.7 Stealth
 + Level 2.6 Spellcasting
 + Level 2.0 Conjurations
 + Level 3.6 Fire Magic


You had 6 spell levels left.
You knew the following spells:

 Your Spells              Type           Power        Failure   Level
a - Foxfire               Conj/Fire      ##..         5%          1

Your spell library contained the following spells:

 Spells                   Type           Power        Failure   Level
 Conjure Flame            Conj/Fire      ##......     16%         3
 Inner Flame              Hex/Fire       #.......     24%         3
 Sticky Flame             Conj/Fire      ##......     47%         4
 Fireball                 Conj/Fire      ##........   83%         5


Dungeon Overview and Level Annotations

Branches:
Dungeon (3/15)

Altars:


Innate Abilities, Weirdness & Mutations

You cannot wear most types of armour.
You are very stealthy in the water. (Stealth+)
You are amphibious.
You can wear up to eight rings at the same time.
You can use your tentacles to constrict eight enemies at once.
Your skin changes colour to match your surroundings (Stealth+).
Your rubbery body absorbs attacks. (AC +1, EV +1)


Message History

The quokka is severely wounded.
The foxfire hits the river rat.
The river rat is almost dead.
Casting: Foxfire (safe; 5% risk of failure)
Confirm with . or Enter, or press ? or * to list all spells.
You conjure some foxfire!
The leopard gecko closely misses you. The quokka bites you.
* * * LOW HITPOINT WARNING * * *
The river rat twitches its whiskers.
The river rat barely misses you.
Your foxfire dissipates!
The foxfire hits the river rat.
You kill the river rat!
Your Conjurations skill increases to level 2!
The leopard gecko hisses menacingly.
The leopard gecko closely misses you.
Casting: Foxfire (safe; 5% risk of failure)
Confirm with . or Enter, or press ? or * to list all spells.
You conjure some foxfire!
The quokka bites you.
You die...

#.#.....# .#..)..###
.[...[..#
######+###.......####
#................ #..
#..v@l.......<. #.#
#..v.r.....#.######.#
#.......>..(.$.......
#....?.....#.######..
#..........#.# #..
#..........#.# #..
#..........#.. ....
#.$........### ##.#.
#...)......# #.#.


You could see a leopard gecko and a quokka.

Vanquished Creatures
  An adder (D:2)
  A river rat (D:3)
  A worm (D:2)
  A ball python (D:3)
  2 bats (D:1)
  2 giant cockroaches (D:2)
  5 goblins (D:1)
  5 hobgoblins
  A frilled lizard (D:3)
  4 kobolds
  2 rats (D:1)
25 creatures vanquished.

Vanquished Creatures (others)
  105 foxfires
105 creatures vanquished.

Grand Total: 130 creatures vanquished

Notes
Turn   | Place    | Note
-------+----------+-------------------------------------------
     0 | D:1      | iamoutofideas the Octopode Fire Elementalist began the
                  | quest for the Orb.
     0 | D:1      | Reached XP level 1. HP: 11/11 MP: 3/3
     0 | D:1      | Noticed a centaur
     0 | D:1      | Noticed an elf
     0 | D:1      | Noticed a ghoul
     3 | D:1      | Noticed a naga
     6 | D:1      | Noticed a dwarf
    10 | D:1      | Noticed a naga
    12 | D:1      | Noticed a vampire
    12 | D:1      | Noticed a troll
    16 | D:1      | Noticed a human
    16 | D:1      | Noticed a spriggan
    16 | D:1      | Noticed an elf
    18 | D:1      | Noticed a minotaur
    18 | D:1      | Noticed a ghoul
    20 | D:1      | Noticed a vine stalker
   474 | D:1      | Reached XP level 2. HP: 17/17 MP: 1/5
  1336 | D:2      | Reached XP level 3. HP: 21/21 MP: 1/6
  1818 | D:3      | Slain by a quokka

Illustrated notes

Levels and vault maps discovered:
D:1:      shiori_arrival_whats_in_store_for_you, layout_basic
D:2:      layout_basic, kennysheep_another_room
D:3:      kennysheep_six_static_rooms, layout_basic, portal_sewer_entry_a,
          kennysheep_flooded_box

Skill      XL: |  1  2  3 |
---------------+----------+-----
Conjurations   | 2 |  2.0
Dodging        | |  2.0
Stealth        | |  2.7
Spellcasting   | |  2.6
Fire Magic     | |  3.6

Action                   || total
-------------------------++-------
Melee: Unarmed           ||    12
       Constrict         ||     7
       Tentacles         ||     4
 Cast: Foxfire           ||    65
  Use: Scroll            ||     3
Dodge: Dodged            ||    25

Table legend: (Time is in decaauts)
 A = Elapsed time spent in this place.
 B = Non-inter-level travel time spent in this place.
 C = Inter-level travel time spent in this place.
 D = Time resting spent in this place.
 E = Time spent auto-exploring this place.
 F = Levels seen in this place.
 G = Mean time per level.
                   A        B        C        D        E       F      G
               +--------+--------+--------+--------+--------+-----+--------+
         Total |   1817 |   1767 |     50 |    411 |   1040 |   3 |  605.7 |
       Dungeon |   1817 |   1767 |     50 |    411 |   1040 |   3 |  605.7 |
               +--------+--------+--------+--------+--------+-----+--------+

Top non-repeatable levels by time:
     D:1: 1149 daAuts
     D:2: 627 daAuts
     D:3: 40 daAuts
